 Dungeon Crawl Stone Soup version 0.18-a0-1575-g920359c (webtiles) character file.

1553 Duffy the Ducker (level 8, -6/48 HPs)
             Began as a Deep Elf Fire Elementalist on Mar 16, 2016.
             Was an Initiate of Vehumet.
             Mangled by an orc priest
             ... wielding the cursed +0 battleaxe of Darkness {freeze, +Fly rPois rF++ Str-5}
              (10 damage)
             ... on level 6 of the Dungeon.
             The game lasted 00:09:44 (7739 turns).

Duffy the Ducker (Deep Elf Fire Elementalist)       Turns: 7739, Time: 00:09:44

Health: -6/48      AC:  4    Str:  5    XL:     8   Next: 57%
Magic:  11/27      EV: 15    Int: 21    God:    Vehumet [......]
Gold:   313        SH:  0    Dex: 17    Spells: 3 memorised, 10 levels left

rFire  + . .     SeeInvis .     G - +1 whip "Acurgh" {drain, MP+9}
rCold  . . .     Gourm    .     D - +1 leather armour {rF+}
rNeg   . . .     Faith    .     (no shield)
rPois  .         Spirit   .     (no helmet)
rElec  .         Dismiss  .     (no cloak)
rCorr  +         Reflect  .     (no gloves)
SustAt .         Harm     .     (no boots)
MR     .....                    (no amulet)
Stlth  ++........               (no ring)
                                z - ring of resist corrosion

@: very slightly contaminated, not resistant to hostile enchantments, unstealthy
A: no striking features
a: Renounce Religion


You were on level 6 of the Dungeon.
You worshipped Vehumet.
Vehumet was noncommittal.
You were not hungry.

You visited 2 branches of the dungeon, and saw 7 of its levels.

You collected 313 gold pieces.


   Skills:
 + Level 4.3 Fighting
 + Level 7.0 Dodging
 - Level 2.4 Stealth
 - Level 5.8 Spellcasting
 - Level 5.4 Conjurations
 - Level 5.5 Fire Magic


You had 10 spell levels left.
You knew the following spells:

 Your Spells              Type           Power        Failure   Level  Hunger
a - Flame Tongue          Conj/Fire      ####.        1%          1    None
j - Sticky Flame          Conj/Fire      ####....     21%         4    ####...
l - Conjure Flame         Conj/Fire      ####....     8%          3    ##.....

Inventory:

Hand Weapons
 p - a +0 whip of venom
 G - the +1 whip "Acurgh" (weapon) {drain, MP+9} A truly terrible weapon, it drains the life of those it strikes. It affects your magic capacity (+9).
Armour
 a - a +0 robe
 D - a +1 leather armour of fire resistance (worn)
Jewellery
 z - a ring of resist corrosion (left hand)
Wands
 x - a wand of iceblast (10/15)
 A - a wand of hasting (3/9)
 E - a wand of lightning (9/15)
 I - a wand of iceblast (7/15)
Scrolls
 g - 5 scrolls of identify
 j - 5 scrolls of remove curse
 m - a scroll of immolation {unknown}
 n - a scroll of blinking {unknown}
 o - a scroll of enchant armour {unknown}
 r - a scroll of fear {unknown}
 w - 2 scrolls of enchant weapon {unknown}
 y - a scroll of magic mapping {unknown}
 B - 3 scrolls of teleportation {unknown}
 F - a scroll of recharging {unknown}
 J - 2 scrolls of amnesia {unknown}
Potions
 d - a potion of degeneration {unknown}
 e - a potion of agility {unknown}
 f - 2 potions of flight {unknown}
 h - a potion of brilliance {unknown}
 i - a potion of might {unknown}
 l - a potion of magic {unknown}
 q - a potion of curing {unknown}
 s - a potion of invisibility {unknown}
 t - 2 potions of cure mutation {unknown}
 v - a potion of cancellation {unknown}
 C - a potion of berserk rage {unknown}
Books
 b - a book of Flames
Comestibles
 c - 4 bread rations
 k - 4 beef jerkies
 u - a meat ration

Dungeon Overview and Level Annotations

Branches:
Dungeon (6/15)             Temple (1/1) D:5

Altars:
Ashenzari
Cheibriados
Dithmenos
Elyvilon
Fedhas
Kikubaaqudgha
Makhleb
Okawaru
Qazlal
Ru
Sif Muna
Vehumet
Zin
The Shining One


Message History

Press: ? - help, Shift-Dir - straight line, f/p - orc priest
Aim: an orc priest, wielding a transparent battleaxe {freeze} and wearing a chain mail (lightly wounded)
The sticky flame hits the orc priest.
The orc priest completely resists.
The orc priest is lightly wounded.
The orc priest is covered in liquid flames!
The orc priest burns!
The orc priest hits you with a transparent battleaxe {freeze}!
The orc priest freezes you.
The orc priest burns!
Cast which spell? (? or * to list)
Aiming: Flame Tongue
Press: ? - help, Shift-Dir - straight line, f/p - orc priest
Aim: an orc priest, wielding a transparent battleaxe {freeze} and wearing a chain mail (moderately wounded, covered in liquid flames)
The flame tongue hits the orc priest.
The orc priest completely resists.
The orc priest is moderately wounded.
The orc priest burns!
The orc priest closely misses you.
Press: ? - help, v - describe, . - travel
Here: an orc priest, wielding a transparent battleaxe {freeze} and wearing a chain mail (moderately wounded, covered in liquid flames)
The floor.
The orc priest burns!
The orc priest stops burning.
Cast which spell? (? or * to list)
Aiming: Flame Tongue
Press: ? - help, Shift-Dir - straight line, f/p - orc priest
Aim: an orc priest, wielding a transparent battleaxe {freeze} and wearing a chain mail (moderately wounded)
The flame tongue hits the orc priest.
The orc priest completely resists.
The orc priest is moderately wounded.
Cast which spell? (? or * to list)
Aiming: Sticky Flame
Press: ? - help, Shift-Dir - straight line, f/p - orc priest
Aim: an orc priest, wielding a transparent battleaxe {freeze} and wearing a chain mail (moderately wounded)
The sticky flame hits the orc priest.
The orc priest resists.
The orc priest is heavily wounded.
The orc priest is covered in liquid flames!
The orc priest hits you with a transparent battleaxe {freeze}!
You die...

#...#......#####.# ### #..##
####...#..........#.# #.# #....
.......#####.####.#)# #.. #.%#.
....................# #.######...
.......#####.#..#.#.# #.#......#.
....#### #.#..#.#.###.#.####.#.
##### #.#.<#.#..##.#.####.#.
##########.#.##.#..##.#.#......
###..........#[o@.#..............
..))........................>#...
###.....................###..#..#
# #.........#########...# #..#..#
###.........# #...# #..#..#
.##.........# ##.......#..#
.###........# #..####.#..#
...#........# #..# #.#..#
)..#........# ...#


You could see an orc priest (burning).

Action                   |  1- 3 |  4- 6 |  7- 9 || total
-------------------------+-------+-------+-------++-------
Melee: Whip              |       |       |    73 ||    73
 Cast: Flame Tongue      |    76 |   133 |   122 ||   331
       Sticky Flame      |       |     5 |     7 ||    12
       Conjure Flame     |       |       |     4 ||     4
  Use: Scroll            |       |       |     2 ||     2
  Eat: Chunk             |     1 |    10 |    11 ||    22

Notes
Turn   | Place    | Note
--------------------------------------------------------------
     0 | D:1      | Duffy the Deep Elf Fire Elementalist began the quest for the Orb.
     0 | D:1      | Reached XP level 1. HP: 10/10 MP: 6/6
   190 | D:1      | Reached skill level 2 in Conjurations
   243 | D:1      | Reached XP level 2. HP: 15/15 MP: 2/8
   551 | D:1      | Reached skill level 3 in Conjurations
   812 | D:1      | Reached XP level 3. HP: 19/19 MP: 4/9
  1016 | D:1      | Learned a level 3 spell: Conjure Flame
  1221 | D:2      | Found a blossoming altar of Fedhas.
  1294 | D:2      | Noticed Terence
  1304 | D:2      | Killed Terence
  1304 | D:2      | Reached XP level 4. HP: 16/24 MP: 2/11
  1730 | D:2      | Reached skill level 4 in Conjurations
  1738 | D:2      | Found a faded altar to an unknown god.
  2330 | D:3      | Learned a level 4 spell: Sticky Flame
  2335 | D:3      | Reached skill level 4 in Fire Magic
  2498 | D:3      | Reached XP level 5. HP: 24/28 MP: 7/12
  2578 | D:3      | Found a glowing golden altar of the Shining One.
  2903 | D:3      | Reached skill level 4 in Spellcasting
  3511 | D:3      | Found a snail-covered altar of Cheibriados.
  3963 | D:4      | Found an iron altar of Okawaru.
  3971 | D:4      | Reached XP level 6. HP: 24/32 MP: 5/14
  4069 | D:4      | Reached skill level 5 in Conjurations
  4267 | D:4      | Reached skill level 5 in Spellcasting
  4267 | D:4      | Reached skill level 5 in Fire Magic
  4304 | D:4      | Noticed Sar's ghost (amateur VSEn)
  4313 | D:4      | Killed Sar's ghost
  4688 | D:4      | Found a sacrificial altar of Ru.
  4734 | D:4      | Reached XP level 7. HP: 24/36 MP: 6/17
  4928 | D:4      | Noticed Eustachio
  5018 | D:4      | Killed Eustachio
  5018 | D:4      | Reached skill level 1 in Fighting
  5018 | D:4      | Reached skill level 3 in Dodging
  5441 | D:4      | Found a deep blue altar of Sif Muna.
  5636 | D:5      | Entered Level 5 of the Dungeon
  5637 | D:5      | Reached skill level 4 in Dodging
  5662 | D:5      | Reached skill level 2 in Fighting
  5864 | D:5      | Noticed tasslehoff34's ghost (amateur DsGl)
  6198 | D:5      | Reached skill level 5 in Dodging
  6198 | D:5      | Reached XP level 8. HP: 45/45 MP: 9/18
  6294 | D:5      | Found a shadowy altar of Dithmenos.
  6314 | D:5      | Found a staircase to the Ecumenical Temple.
  6321 | Temple   | Entered the Ecumenical Temple
  6483 | Temple   | Became a worshipper of Vehumet
  6553 | Temple   | Reached skill level 3 in Fighting
  7050 | D:5      | Killed tasslehoff34's ghost
  7050 | D:5      | Reached skill level 6 in Dodging
  7144 | D:5      | Got a smoking whip
  7145 | D:5      | Identified the cursed +1 whip "Acurgh" {drain, MP+9} (You found it on level 5 of the Dungeon)
  7377 | D:6      | Found a stormy altar of Qazlal.
  7414 | D:6      | Reached skill level 4 in Fighting
  7668 | D:5      | Reached skill level 7 in Dodging
  7739 | D:6      | Identified the cursed +0 battleaxe of Darkness {freeze, +Fly rPois rF++ Str-5}
  7739 | D:6      | Mangled by an orc priest

Vault maps used:
D:1:      mrwooster_arrival_arrow, hangedman_decor_clover_reticule
D:2:      lemuel_doored_altar, ecumenical_altar_2, uniq_terence
D:3:      lemuel_round_altar, tso_metal_star, kennysheep_generic_room_5
D:4:      lemuel_round_altar, tgw_sif, serial_column_ruins,
          column_ruins_hut_water, column_ruins_grid_1, column_ruins_open_medium,
          column_ruins_open_small, column_ruins_grid_3,
          nicolae_ru_sacrificial_ziggurat, uniq_eustachio
D:5:      kennysheep_mini, minmay_temple_entry_trees, first_bread
D:6:      grunt_qazlal_clouds, lemuel_crystal_altar
Temple:   hc_temple_tempest_star_small

Vanquished Creatures
  The ghost of tasslehoff34 the Ducker, an amateur DsGl Eustachio
  An orc warrior
  An ogre
  A centaur
  The ghost of Sar the Sneak, an amateur VSEn
  2 scorpions
  A howler monkey
  2 crimson imps
  A giant frog zombie
  4 hounds
  2 orc wizards
  3 orc priests
  An iguana Terence
  3 worker ants
  A hound skeleton
  A howler monkey zombie
  8 adders
  An ooze
  A worm
  4 dart slugs
  4 giant geckos
  21 orcs
  13 bats
  6 giant cockroaches
  5 goblins
  13 hobgoblins
  5 jackals
  9 kobolds
  5 quokkas
  A giant gecko skeleton
  7 giant newts
  A quokka skeleton
  8 rats
140 creatures vanquished.
